AoeStats
← RIO1000

Arabia

507996556Analyzed
1v1 RM · 13d ago on Sep 20, 2026· 29m 10s· 2 players
Game mode
Random Map
Map size
Tiny (2 player)
Population
200
Speed
Normal
Resources
Standard
Victory
Conquest
Starting age
Dark Age
Ending age
Imperial Age
RankedLock teamsTeams togetherTeam positionsShared explorationLock speedFull tech treeHidden civsTurbo modeCheats
Victory
Defeat
🇲🇽 Magyars · Mexico
848
+17
🇹🇼 Franks · Taiwan
878
-17
RIO1000
0:35 Loom
8:00 Loom
10:15 Feudal Age
10:51 Double-Bit Axe
13:27 Horse Collar
20:50 Castle Age
21:36 Bloodlines
21:42 Bow Saw
21:25 Gold Mining
21:55 Husbandry
23:28 Pikeman
24:49 Arson
yushun1999
7:55 Loom
10:42 Feudal Age
18:51 Double-Bit Axe
24:42 Castle Age
23:02 Gold Mining
Connection lost

Rejoining the realm…

Still unreachable

The connection could not be restored.

Session expired

The server has moved on; the page needs a fresh start.